| TOP OF THE 1ST |
|
Portland Angels batting - Pitching for Miami Beach Marlins : RHP Jamie Rappoport
|
|
Pitching: RHP Jamie Rappoport
|
|
|
Batting: RHB Ivan Barrientos
|
0-0: Fly out, F7 (Flyball, 7LS, EV 98.8 MPH)
|
|
Batting: RHB Steve Neely
|
0-0: Ball 1-0: Called Strike 1-1: Called Strike 1-2: Ball 2-2: Strikes out swinging
|
|
Batting: RHB Kyler Seitz
|
0-0: Called Strike 0-1: Foul Ball, location: 2F 0-2: Ball 1-2: Foul Ball, location: 2F 1-2: Foul Ball, location: 2F 1-2: Strikes out swinging
|
| Top of the 1st over - 0 runs, 0 hits, 0 errors, 0 left on base; Portland 0 - Miami Beach 0 |
| BOTTOM OF THE 1ST |
|
Miami Beach Marlins batting - Pitching for Portland Angels : RHP Hector Agudelo
|
|
Pitching: RHP Hector Agudelo
|
|
|
Batting: LHB Luis Ortegon
|
0-0: Ball 1-0: Ball 2-0: Ball 3-0: Base on Balls
|
|
Batting: RHB Corbin Chauvin
|
0-0: Swinging Strike 0-1: Ball 1-1: Called Strike 1-2: Foul Ball, location: 2F 1-2: Foul Ball, location: 2F 1-2: Strikes out looking
|
|
Batting: RHB Torquato Uso
|
0-0: Ball 1-0: Ball Wild Pitch! Luis Ortegon to second 2-0: Foul Ball, location: 2F 2-1: Called Strike 2-2: Ball 3-2: Foul Ball, location: 2F 3-2: Strikes out swinging
|
|
Batting: SHB Emmet Brickowski
|
0-0: Ball 1-0: Ball 2-0: Foul Ball, location: 2F 2-1: Foul Ball, location: 2F 2-2: Strikes out swinging
|
| Bottom of the 1st over - 0 runs, 0 hits, 0 errors, 1 left on base; Portland 0 - Miami Beach 0 |
| TOP OF THE 2ND |
|
Portland Angels batting - Pitching for Miami Beach Marlins : RHP Jamie Rappoport
|
|
Batting: RHB Jesse Sargent
|
0-0: Fly out, F7 (Flyball, 7D, EV 98.8 MPH)
|
|
Batting: RHB Alex Rosaly
|
0-0: Ground out 6-3 (Groundball, 6, EV 85.6 MPH)
|
|
Batting: LHB Doug Nebel
|
0-0: Ground out 5-3 (Groundball, 6, EV 80.0 MPH)
|
| Top of the 2nd over - 0 runs, 0 hits, 0 errors, 0 left on base; Portland 0 - Miami Beach 0 |
| BOTTOM OF THE 2ND |
|
Miami Beach Marlins batting - Pitching for Portland Angels : RHP Hector Agudelo
|
|
Batting: LHB Henry Huezo
|
0-0: Called Strike 0-1: Ball 1-1: Ball 2-1: Ground out 1-3 (Groundball, P, EV 65.6 MPH)
|
|
Batting: RHB Josh Jones
|
0-0: Called Strike 0-1: Foul Ball, location: 2F 0-2: Ground out 5-3 (Groundball, 5L, EV 78.8 MPH)
|
|
Batting: RHB Scott Talbot
|
0-0: Ball 1-0: Ball 2-0: Foul Ball, location: 2F 2-1: Foul Ball, location: 2F 2-2: Ball 3-2: Fly out, F9 (Flyball, 89S, EV 93.1 MPH)
|
| Bottom of the 2nd over - 0 runs, 0 hits, 0 errors, 0 left on base; Portland 0 - Miami Beach 0 |
| TOP OF THE 3RD |
|
Portland Angels batting - Pitching for Miami Beach Marlins : RHP Jamie Rappoport
|
|
Batting: SHB Manuel Martinez
|
0-0: Ball 1-0: Ball 2-0: Ball 3-0: Base on Balls
|
|
Batting: RHB Mario Martinez
|
0-0: Ball 1-0: Ball 2-0: Foul Ball, location: 2F 2-1: Called Strike 2-2: Ball 3-2: Grounds into double play, 4-6-3 (Groundball, 4, EV 90.6 MPH)
|
|
Batting: LHB David Coatney
|
0-0: Ball 1-0: Foul Ball, location: 2F 1-1: Ball 2-1: Ball 3-1: Called Strike 3-2: Foul Ball, location: 2F 3-2: Base on Balls
|
|
Batting: RHB Ivan Barrientos
|
0-0: Called Strike 0-1: Ball 1-1: Ground out 4-3 (Groundball, 4, EV 86.2 MPH)
|
| Top of the 3rd over - 0 runs, 0 hits, 0 errors, 1 left on base; Portland 0 - Miami Beach 0 |
| BOTTOM OF THE 3RD |
|
Miami Beach Marlins batting - Pitching for Portland Angels : RHP Hector Agudelo
|
|
Batting: RHB Francisco Valenzuela
|
0-0: Ball 1-0: Fly out, F3 (Popup, 3SF, EV 65.6 MPH)
|
|
Batting: RHB Hektor Luvian
|
0-0: Fly out, F7 (Flyball, 7, EV 81.2 MPH)
|
|
Batting: LHB Luis Ortegon
|
0-0: Foul Ball, location: 2F 0-1: Foul Ball, location: 2F 0-2: Ball 1-2: Foul Ball, location: 2F 1-2: Ball 2-2: Foul Ball, location: 2F 2-2: Ball 3-2: Ground out 6-3 (Groundball, 6, EV 83.8 MPH)
|
| Bottom of the 3rd over - 0 runs, 0 hits, 0 errors, 0 left on base; Portland 0 - Miami Beach 0 |
| TOP OF THE 4TH |
|
Portland Angels batting - Pitching for Miami Beach Marlins : RHP Jamie Rappoport
|
|
Batting: RHB Steve Neely
|
0-0: Ball 1-0: Fly out, F7 (Flyball, 7D, EV 94.4 MPH)
|
|
Batting: RHB Kyler Seitz
|
0-0: Foul Ball, location: 2F 0-1: Ball 1-1: Fly out, F3 (Popup, 3F, EV 60.6 MPH)
|
|
Batting: RHB Jesse Sargent
|
0-0: Called Strike 0-1: Ball 1-1: Foul Ball, location: 2F 1-2: Strikes out swinging
|
| Top of the 4th over - 0 runs, 0 hits, 0 errors, 0 left on base; Portland 0 - Miami Beach 0 |
| BOTTOM OF THE 4TH |
|
Miami Beach Marlins batting - Pitching for Portland Angels : RHP Hector Agudelo
|
|
Batting: RHB Corbin Chauvin
|
0-0: Foul Ball, location: 2F 0-1: Ball 1-1: Called Strike 1-2: Foul Ball, location: 2F 1-2: Foul Ball, location: 2F 1-2: Strikes out swinging
|
|
Batting: RHB Torquato Uso
|
0-0: Called Strike 0-1: SINGLE (Groundball, 56D, EV 94.4 MPH)
|
|
Batting: SHB Emmet Brickowski
|
0-0: Called Strike 0-1: Ball 1-1: Foul Ball, location: 2F 1-2: Strikes out looking
|
|
Batting: LHB Henry Huezo
|
0-0: Ball Torquato Uso is caught stealing 2nd base 2-6
|
| Bottom of the 4th over - 0 runs, 1 hit, 0 errors, 0 left on base; Portland 0 - Miami Beach 0 |
| TOP OF THE 5TH |
|
Portland Angels batting - Pitching for Miami Beach Marlins : RHP Jamie Rappoport
|
|
Batting: RHB Alex Rosaly
|
0-0: Called Strike 0-1: Foul Ball, location: 2F 0-2: Hit by Pitch
|
|
Batting: LHB Doug Nebel
|
0-0: Called Strike 0-1: Ball 1-1: Foul Ball, location: 2F 1-2: Strikes out swinging
|
|
Batting: SHB Manuel Martinez
|
0-0: Called Strike Alex Rosaly steals 2nd base (no throw) 0-1: Called Strike 0-2: Ball 1-2: Ball 2-2: Fly out, F8 (Flyball, 8RD, EV 86.2 MPH)
|
|
Batting: RHB Mario Martinez
|
0-0: SINGLE (Line Drive, 7S, EV 89.4 MPH) Alex Rosaly to third Runner from 3rd tries for Home, throw by LF and OUT! 7-2
|
| Top of the 5th over - 0 runs, 1 hit, 0 errors, 1 left on base; Portland 0 - Miami Beach 0 |
| BOTTOM OF THE 5TH |
|
Miami Beach Marlins batting - Pitching for Portland Angels : RHP Hector Agudelo
|
|
Batting: LHB Henry Huezo
|
0-0: Called Strike 0-1: Foul Ball, location: 2F 0-2: Strikes out swinging
|
|
Batting: RHB Josh Jones
|
0-0: Swinging Strike 0-1: Foul Ball, location: 2F 0-2: Strikes out swinging
|
|
Batting: RHB Scott Talbot
|
0-0: Ball 1-0: Ball 2-0: Foul Ball, location: 2F 2-1: Foul Ball, location: 2F 2-2: Foul Ball, location: 2F 2-2: Foul Ball, location: 2F 2-2: Fly out, F6 (Popup, 15S, EV 91.9 MPH)
|
| Bottom of the 5th over - 0 runs, 0 hits, 0 errors, 0 left on base; Portland 0 - Miami Beach 0 |
| TOP OF THE 6TH |
|
Portland Angels batting - Pitching for Miami Beach Marlins : RHP Jamie Rappoport
|
|
Batting: LHB David Coatney
|
0-0: Ball 1-0: DOUBLE (Line Drive, 5D, EV 95.0 MPH)
|
|
Batting: RHB Ivan Barrientos
|
0-0: Ball 1-0: Called Strike 1-1: Called Strike 1-2: Foul Ball, location: 2F 1-2: Ball 2-2: Ball 3-2: 2-RUN HOME RUN (Flyball, 7D, EV 109.4 MPH), Distance : 408 ft
|
|
Batting: RHB Steve Neely
|
0-0: Ball 1-0: Bunted foul 1-1: Ball 2-1: SOLO HOME RUN (Line Drive, 78XD, EV 110.6 MPH), Distance : 435 ft
|
|
Batting: RHB Kyler Seitz
|
0-0: Ball 1-0: Foul Ball, location: 2F 1-1: Called Strike 1-2: Ball 2-2: Ball 3-2: Fly out, F4 (Line Drive, 4D, EV 68.1 MPH)
|
|
Batting: RHB Jesse Sargent
|
0-0: Single, Error in OF, E8, batter to second base (Line Drive, 6MD, EV 95.0 MPH)
|
|
Batting: RHB Alex Rosaly
|
0-0: Called Strike 0-1: Ball 1-1: Swinging Strike 1-2: Ball 2-2: Ball 3-2: Base on Balls
|
|
Batting: LHB Doug Nebel
|
0-0: SINGLE (Groundball, 13S, EV 66.9 MPH) (infield hit) Jesse Sargent to third Alex Rosaly to second
|
|
Batting: SHB Manuel Martinez
|
0-0: Ball 1-0: Ball 2-0: SINGLE (Line Drive, 8LS, EV 113.1 MPH) Jesse Sargent scores Alex Rosaly to third Doug Nebel to second
|
|
Batting: RHB Mario Martinez
|
0-0: Ball 1-0: Ball 2-0: Foul Ball, location: 2F 2-1: Ball 3-1: Foul Ball, location: 2F 3-2: Foul Ball, location: 2F 3-2: SINGLE (Groundball, 6M, EV 103.8 MPH) (infield hit) Alex Rosaly scores Doug Nebel to third Manuel Martinez to second
|
|
Pitching: LHP Tom Boyko
|
|
|
Batting: LHB David Coatney
|
0-0: Called Strike 0-1: Called Strike 0-2: Foul Ball, location: 2F 0-2: Foul Ball, location: 2F 0-2: Ball 1-2: Ball 2-2: Strikes out swinging
|
|
Batting: RHB Ivan Barrientos
|
0-0: Ball 1-0: Ball 2-0: Ball 3-0: Called Strike 3-1: Called Strike 3-2: SINGLE (Line Drive, 56, EV 105.6 MPH) Doug Nebel scores Manuel Martinez to third Mario Martinez to second Manuel Martinez scores Mario Martinez to third
|
|
Batting: RHB Steve Neely
|
0-0: Swinging Strike 0-1: Ball 1-1: Ball 2-1: Ball 3-1: Base on Balls Ivan Barrientos to second
|
|
Batting: RHB Kyler Seitz
|
0-0: Swinging Strike 0-1: Ball 1-1: Ball 2-1: Ball 3-1: Foul Ball, location: 2F 3-2: Foul Ball, location: 2F 3-2: Base on Balls Mario Martinez scores Ivan Barrientos to third Steve Neely to second
|
|
Batting: RHB Jesse Sargent
|
0-0: Ball 1-0: Called Strike 1-1: Called Strike 1-2: Strikes out swinging
|
| Top of the 6th over - 8 runs, 8 hits, 1 error, 3 left on base; Portland 8 - Miami Beach 0 |
| BOTTOM OF THE 6TH |
|
Miami Beach Marlins batting - Pitching for Portland Angels : RHP Hector Agudelo
|
|
Batting: RHB Francisco Valenzuela
|
0-0: Foul Ball, location: 2F 0-1: Fly out, F2 (Popup, 23F, EV 89.4 MPH)
|
|
Batting: RHB Hektor Luvian
|
0-0: Foul Ball, location: 2F 0-1: Fly out, F8 (Flyball, 8LD, EV 101.2 MPH)
|
|
Batting: LHB Luis Ortegon
|
0-0: Called Strike 0-1: Ball 1-1: Swinging Strike 1-2: Ball 2-2: Ground out 4-3 (Groundball, 4, EV 101.2 MPH)
|
| Bottom of the 6th over - 0 runs, 0 hits, 0 errors, 0 left on base; Portland 8 - Miami Beach 0 |
| TOP OF THE 7TH |
|
Portland Angels batting - Pitching for Miami Beach Marlins : LHP Tom Boyko
|
|
Batting: RHB Alex Rosaly
|
0-0: Foul Ball, location: 2F 0-1: Ball 1-1: Foul Ball, location: 2F 1-2: Ground out 1-3 (Groundball, 13S, EV 73.1 MPH)
|
|
Batting: RHB Shawn Jansen
|
0-0: Foul Ball, location: 2F 0-1: Ball 1-1: Fly out, F7 (Flyball, 7S, EV 86.2 MPH)
|
|
Batting: SHB Manuel Martinez
|
0-0: Ball 1-0: Foul Ball, location: 2F 1-1: Ball 2-1: Called Strike 2-2: SINGLE (Groundball, 56D, EV 95.6 MPH)
|
|
Batting: RHB Mario Martinez
|
0-0: Ball 1-0: Swinging Strike 1-1: Foul Ball, location: 2F 1-2: Foul Ball, location: 2F 1-2: Ball 2-2: Ball 3-2: 2-RUN HOME RUN (Flyball, 89XD, EV 101.9 MPH), Distance : 431 ft
|
|
Pitching: LHP Matt Rielly
|
|
|
Pinch Hitting: LHB Lourens Aukema
|
0-0: Ball 1-0: Called Strike 1-1: Ball 2-1: Ball 3-1: Ground out U3 (Groundball, 3, EV 98.1 MPH)
|
| Top of the 7th over - 2 runs, 2 hits, 0 errors, 0 left on base; Portland 10 - Miami Beach 0 |
| BOTTOM OF THE 7TH |
|
Miami Beach Marlins batting - Pitching for Portland Angels : RHP Hector Agudelo
|
|
Now in LF: Lourens Aukema
|
|
|
Batting: RHB Corbin Chauvin
|
0-0: Foul Ball, location: 2F 0-1: Swinging Strike 0-2: Ball 1-2: SOLO HOME RUN (Flyball, 7LD, EV 94.4 MPH), Distance : 359 ft
|
|
Pitching: LHP Benjie Dalaque
|
|
|
Batting: RHB Torquato Uso
|
0-0: Ball 1-0: Foul Ball, location: 2F 1-1: Ground out U3 (Groundball, 3S, EV 75.6 MPH)
|
|
Batting: SHB Emmet Brickowski
|
0-0: Called Strike 0-1: Ball 1-1: Swinging Strike 1-2: Foul Ball, location: 2F 1-2: Ball 2-2: Foul Ball, location: 2F 2-2: Ball 3-2: Foul Ball, location: 2F 3-2: Base on Balls
|
|
Batting: LHB Henry Huezo
|
0-0: Swinging Strike 0-1: Ball Emmet Brickowski steals 2nd base (no throw) 1-1: Ball 2-1: Foul Ball, location: 2F 2-2: Foul Ball, location: 2F 2-2: Ball 3-2: Foul Ball, location: 2F 3-2: Foul Ball, location: 2F 3-2: Foul Ball, location: 2F 3-2: Fly out, F8 (Flyball, 78M, EV 73.1 MPH)
|
|
Batting: RHB Josh Jones
|
0-0: Ball 1-0: Called Strike 1-1: Ball 2-1: Ball 3-1: Foul Ball, location: 2F 3-2: Base on Balls
|
|
Batting: RHB Scott Talbot
|
0-0: Ball 1-0: Foul Ball, location: 2F 1-1: Foul Ball, location: 2F 1-2: Ground out 5-3 (Groundball, 56S, EV 87.5 MPH)
|
| Bottom of the 7th over - 1 run, 1 hit, 0 errors, 2 left on base; Portland 10 - Miami Beach 1 |
| TOP OF THE 8TH |
|
Portland Angels batting - Pitching for Miami Beach Marlins : LHP Matt Rielly
|
|
Batting: RHB Ivan Barrientos
|
0-0: Called Strike 0-1: Swinging Strike 0-2: Fly out, F8 (Line Drive, 8LM, EV 84.4 MPH)
|
|
Batting: RHB Steve Neely
|
0-0: Called Strike 0-1: Ball 1-1: Called Strike 1-2: Ball 2-2: Ball 3-2: Strikes out looking
|
|
Batting: RHB Kyler Seitz
|
0-0: Called Strike 0-1: Ball 1-1: Ball 2-1: Swinging Strike 2-2: Fly out, F8 (Line Drive, 8LM, EV 89.4 MPH)
|
| Top of the 8th over - 0 runs, 0 hits, 0 errors, 0 left on base; Portland 10 - Miami Beach 1 |
| BOTTOM OF THE 8TH |
|
Miami Beach Marlins batting - Pitching for Portland Angels : LHP Benjie Dalaque
|
|
Batting: RHB Francisco Valenzuela
|
0-0: Ball 1-0: Called Strike 1-1: Foul Ball, location: 2F 1-2: SINGLE (Groundball, 4D, EV 106.2 MPH)
|
|
Batting: RHB Hektor Luvian
|
0-0: Ball 1-0: Swinging Strike 1-1: Foul Ball, location: 2F 1-2: Ball 2-2: SINGLE (Line Drive, 8LS, EV 103.8 MPH) Francisco Valenzuela to second
|
|
Batting: LHB Luis Ortegon
|
0-0: Ball 1-0: Called Strike 1-1: Foul Ball, location: 2F 1-2: Foul Ball, location: 2F 1-2: Ball 2-2: Fly out, F9 (Flyball, 9, EV 96.9 MPH)
|
|
Batting: RHB Corbin Chauvin
|
0-0: Ball 1-0: Ball 2-0: Fly out, F7 (Flyball, 7, EV 88.1 MPH)
|
|
Pitching: RHP Devin Spears
|
|
|
Batting: RHB Torquato Uso
|
0-0: Ball 1-0: Called Strike 1-1: Ball 2-1: Ball 3-1: Foul Ball, location: 2F 3-2: Fly out, F9 (Line Drive, 9S, EV 94.4 MPH)
|
| Bottom of the 8th over - 0 runs, 2 hits, 0 errors, 2 left on base; Portland 10 - Miami Beach 1 |
| TOP OF THE 9TH |
|
Portland Angels batting - Pitching for Miami Beach Marlins : LHP Matt Rielly
|
|
Batting: RHB Jesse Sargent
|
0-0: Called Strike 0-1: Ball 1-1: Ball 2-1: Foul Ball, location: 2F 2-2: Ball 3-2: Foul Ball, location: 2F 3-2: Strikes out swinging
|
|
Batting: RHB Alex Rosaly
|
0-0: Foul Ball, location: 2F 0-1: Ball 1-1: Swinging Strike 1-2: Foul Ball, location: 2F 1-2: Foul Ball, location: 2F 1-2: Ball 2-2: Strikes out swinging
|
|
Batting: RHB Shawn Jansen
|
0-0: Ball 1-0: Called Strike 1-1: Swinging Strike 1-2: Fly out, F7 (Flyball, 78S, EV 94.4 MPH)
|
| Top of the 9th over - 0 runs, 0 hits, 0 errors, 0 left on base; Portland 10 - Miami Beach 1 |
| BOTTOM OF THE 9TH |
|
Miami Beach Marlins batting - Pitching for Portland Angels : RHP Devin Spears
|
|
Batting: SHB Emmet Brickowski
|
0-0: Called Strike 0-1: Ball 1-1: Called Strike 1-2: Ball 2-2: Foul Ball, location: 2F 2-2: Ball 3-2: DOUBLE (Flyball, 8LXD, EV 99.4 MPH)
|
|
Pinch Hitting: RHB Orlando Melendres
|
0-0: 2-RUN HOME RUN (Flyball, 9LD, EV 93.1 MPH), Distance : 348 ft
|
|
Pinch Hitting: LHB Takao Ogura
|
0-0: Ball 1-0: Called Strike 1-1: Foul Ball, location: 2F 1-2: SINGLE (Groundball, 6M, EV 102.5 MPH)
|
|
Batting: RHB Scott Talbot
|
0-0: Called Strike 0-1: Ball 1-1: Called Strike 1-2: Foul Ball, location: 2F 1-2: Foul Ball, location: 2F 1-2: Fielders Choice at 2nd, 5-4 (Groundball, 56, EV 87.5 MPH)
|
|
Pinch Hitting: RHB Mario Cota
|
0-0: Called Strike 0-1: Foul Ball, location: 2F 0-2: Foul Ball, location: 2F 0-2: Ball 1-2: Fielders Choice at 2nd, 6-4 (Groundball, 6, EV 90.0 MPH)
|
|
Pinch Hitting: RHB Troy Bush
|
0-0: Called Strike 0-1: Ball 1-1: Foul Ball, location: 2F 1-2: Ball 2-2: DOUBLE (Groundball, 3L, EV 95.0 MPH) Mario Cota to third
|
|
Batting: LHB Luis Ortegon
|
0-0: Foul Ball, location: 2F 0-1: Foul Ball, location: 2F 0-2: Foul Ball, location: 2F 0-2: Ball 1-2: Ball 2-2: Ground out 6-3 (Groundball, 6, EV 106.9 MPH)
|
| Bottom of the 9th over - 2 runs, 4 hits, 0 errors, 2 left on base; Portland 10 - Miami Beach 3 |
|